AoeStats
← crtolino93

African Clearing

504004287Analyzed
4v4 RM · 1mo ago on Sep 3, 2026· 67m 32s· 8 players
Game mode
Random Map
Map size
Large (8 player)
Population
200
Speed
Normal
Resources
Standard
Victory
Conquest
Starting age
Dark Age
Ending age
Imperial Age
RankedLock teamsTeams togetherTeam positionsShared explorationLock speedFull tech treeHidden civsTurbo modeCheats
Victory
Defeat
🇨🇳 Persians · China
1193
+15
🇨🇳 Armenians · China
1144
+17
1115
+19
1076
+20
🇨🇳 Gurjaras · China
1239
-21
🇨🇳 Vietnamese · China
1202
-19
🇸🇮 Ethiopians · Slovenia
1181
-18
🇦🇺 Britons · Australia
1072
-13
杀我自动下载原神
10:31 Loom
13:10 Feudal Age
14:20 Double-Bit Axe
15:29 Man-at-Arms
20:32 Fletching
23:43 Padded Archer Armor
28:16 Castle Age
27:47 Horse Collar
28:19 Elite Skirmisher
31:22 Bodkin Arrow
33:12 Scale Barding Armor
33:17 Forging
33:27 Scale Barding Armor
34:16 Forging
34:09 Scale Mail Armor
38:25 Wheelbarrow
38:51 Chain Mail Armor
43:35 Iron Casting
43:35 Gold Mining
43:40 Stone Mining
48:17 Imperial Age
48:03 Gold Shaft Mining
48:38 Scale Barding Armor
49:21 Conscription
48:27 Light Cavalry
49:19 Bloodlines
49:10 Husbandry
49:56 Conscription
49:30 Hussar
51:01 Chain Barding Armor
52:32 Plate Barding Armor
53:56 Blast Furnace
55:25 Heavy Plow
60:24 Bracer
62:17 Hand Cart
62:26 Ballistics
63:06 Chemistry
64:59 Masonry
64:42 Guard Tower
66:02 Leather Archer Armor
66:03 Masonry
68:14 Stone Shaft Mining
67:42 Shatagni
本絞りレモン果汁12%
14:04 Feudal Age
18:08 Castle Age
16:11 Double-Bit Axe
16:55 Loom
18:14 Stone Mining
19:16 Wheelbarrow
18:28 Loom
24:19 Bow Saw
24:08 Horse Collar
24:23 Gold Mining
30:20 Hand Cart
30:08 Heavy Plow
34:33 Imperial Age
31:39 Elite Skirmisher
33:31 Husbandry
33:25 Fletching
33:41 Scale Barding Armor
34:51 Ballistics
34:31 Bodkin Arrow
35:13 Medical Corps
36:00 Conscription
35:06 Elite Elephant Archer
37:15 Chemistry
36:40 Chain Barding Armor
38:58 Bracer
41:07 Light Cavalry
43:10 Wootz Steel
43:04 Forging
48:34 Elite Urumi Swordsman
49:30 Padded Archer Armor
50:06 Iron Casting
51:45 Guilds
53:10 Scale Mail Armor
53:26 Leather Archer Armor
54:19 Blast Furnace
56:59 Chain Mail Armor
61:32 Bombard Tower
61:44 Plate Mail Armor
61:45 Ring Archer Armor
63:48 Coinage
68:11 Squires
67:57 Arson
花园爸爸
15:37 Feudal Age
16:25 Horse Collar
17:08 Fletching
17:29 Double-Bit Axe
28:44 Castle Age
28:05 Gold Mining
28:37 Padded Archer Armor
28:47 Town Watch
29:39 Wheelbarrow
29:52 Bow Saw
29:45 Bodkin Arrow
30:32 Gold Shaft Mining
30:00 Heavy Plow
29:25 Crossbowman
32:56 Leather Archer Armor
35:51 Ballistics
40:04 Imperial Age
39:20 Masonry
40:46 Capped Ram
41:56 Bracer
42:27 Ring Archer Armor
42:00 Stone Mining
43:49 Chemistry
43:22 Arbalester
46:13 Fereters
49:49 Elite Composite Bowman
chmchmchmchmchm
4:38 Loom
12:25 Feudal Age
16:50 Castle Age
15:09 Double-Bit Axe
15:48 Horse Collar
18:17 Bow Saw
26:18 Heavy Plow
crtolino93
3:59 Loom
14:37 Feudal Age
14:46 Feudal Age
16:07 Double-Bit Axe
19:49 Castle Age
18:58 Padded Archer Armor
19:01 Fletching
21:40 Crossbowman
25:34 Wheelbarrow
24:46 Horse Collar
27:47 Bow Saw
28:34 Heavy Plow
29:09 Town Watch
33:46 Ballistics
33:46 Hand Cart
34:40 Leather Archer Armor
39:38 Imperial Age
37:42 Bodkin Arrow
39:06 Murder Holes
39:30 Masonry
40:12 Thumb Ring
41:19 Conscription
42:09 Chemistry
41:17 Bracer
41:49 Ring Archer Armor
41:41 Arbalester
48:17 Scale Mail Armor
48:28 Forging
50:20 Chain Mail Armor
50:40 Iron Casting
52:10 Plate Mail Armor
56:26 Elite Skirmisher
58:37 Imperial Skirmisher
59:26 Husbandry
58:47 Light Cavalry
60:21 Hussar
61:14 Scale Barding Armor
62:13 Blast Furnace
63:55 Chain Barding Armor
Angusjack
15:22 Loom
18:47 Feudal Age
30:22 Double-Bit Axe
34:34 Castle Age
43:54 Imperial Age
43:55 Wheelbarrow
42:45 Elite Skirmisher
44:58 Conscription
44:33 Imperial Skirmisher
45:48 Gold Mining
46:00 Stone Mining
46:44 Padded Archer Armor
47:41 Yeomen
47:14 Fletching
47:47 Leather Archer Armor
48:17 Bodkin Arrow
50:17 Chemistry
49:39 Ballistics
49:30 Bracer
49:31 Scale Mail Armor
50:40 Hand Cart
50:27 Elite Longbowman
51:31 Husbandry
52:22 Gold Shaft Mining
52:56 Ring Archer Armor
52:37 Forging
53:24 Light Cavalry
56:41 Cavalier
57:30 Siege Engineers
59:46 Pikeman
60:12 Gambesons
60:28 Squires
60:26 Halberdier
62:07 Chain Mail Armor
62:27 Iron Casting
kkols
8:09 Loom
14:37 Feudal Age
20:00 Castle Age
22:00 Scale Barding Armor
22:16 Double-Bit Axe
24:17 Bloodlines
27:19 Husbandry
28:50 Man-at-Arms
30:33 Wheelbarrow
33:15 Chain Barding Armor
37:00 Forging
39:50 Imperial Age
38:34 Iron Casting
40:05 Heavy Camel Rider
41:09 Conscription
41:01 Gold Mining
42:30 Hand Cart
44:09 Frontier Guards
44:35 Onager
52:20 Light Cavalry
52:24 Man-at-Arms
WINNER
5:39 Loom
15:38 Feudal Age
17:25 Horse Collar
20:02 Castle Age
18:08 Double-Bit Axe
22:08 Bow Saw
26:36 Padded Archer Armor
26:26 Fletching
29:05 Gold Mining
32:37 Heavy Plow
34:29 Wheelbarrow
37:31 Imperial Age
35:36 Elite Skirmisher
36:34 Leather Archer Armor
36:15 Bodkin Arrow
38:03 Imperial Skirmisher
39:24 Ring Archer Armor
41:08 Chemistry
40:29 Ballistics
43:11 Scale Mail Armor
43:21 Forging
43:12 Bracer
44:11 Arson
44:27 Squires
48:43 Hand Cart
49:32 Two-Man Saw
52:06 Chain Mail Armor
52:27 Iron Casting
56:44 Pikeman
60:01 Halberdier
Connection lost

Rejoining the realm…

Still unreachable

The connection could not be restored.

Session expired

The server has moved on; the page needs a fresh start.